Map: Rainfall LE

Players

Belial

  • Race: Zerg Zerg
  • League: Diamond

Altik - Winner!

  • Race: Protoss Protoss
  • League: Diamond

VOD

Have the link to the VOD?

Description

Time

  • Played on: Aug. 5, 2026, 6:11 p.m.
  • Length: 16:04
Show
View Real Time Build Order
Export as new Build Order

Belial Zerg 

Build Orders: Hatch First 

Get SALT Encoding   

  8  0:02  Drone  
  9  0:10  Drone  
  10  0:22  Overlord  
  10  0:28  Drone  
  11  0:34  Drone  
  12  0:40  Drone  
  13  0:45  Drone  
  14  0:53  Drone  
  15  1:21  Drone  
  15  1:24  Hatchery  
  15  1:25  Extractor  
  14  1:26  Drone  
  15  1:41  Spawning Pool  
  15  1:44  Drone  
  15  1:49  Drone  
  15  1:53  Drone  
  17  2:02  Overlord  
  17  2:05  Drone  
  18  2:15  Drone  
  19  2:30  Metabolic Boost  
  19  2:31  Zergling x2  
  19  2:32  Queen  
  22  2:44  Queen  
  24  2:54  Drone  
  24  2:55  Evolution Chamber  
  24  2:56  Drone  
  25  3:00  Drone  
  25  3:03  Drone  
  27  3:10  Overlord  
  27  3:17  Drone x2  
  29  3:23  Zerg Melee Weapons Level 1  
  29  3:25  Drone  
  30  3:28  Drone  
  30  3:31  Drone  
  32  3:37  Overlord  
  32  3:53  Hatchery  
  31  3:58  Drone x3  
  31  4:00  Drone  
  35  4:03  Zergling x2  
  35  4:06  Zergling x2  
  35  4:08  Zergling x2  
  37  4:13  Spore Crawler  
  37  4:16  Spore Crawler  
  35  4:18  Zergling x2  
  36  4:24  Lair  
  36  4:27  Drone  
  37  4:35  Drone x4  
  37  4:37  Drone  
  42  4:39  Drone  
  42  4:42  Drone  
  42  4:44  Extractor  
  43  4:49  Queen  
  45  4:53  Overlord  
  45  4:58  Overlord  
  45  5:03  Extractor  
  45  5:05  Overlord  
  44  5:11  Queen  
  46  5:15  Overlord  
  46  5:25  Queen x2  
  50  5:33  Drone x4  
  54  5:39  Drone x3  
  57  5:43  Zerg Missile Weapons Level 1  
  58  5:50  Drone, Hydralisk Den  
  58  5:52  Drone  
  58  5:58  Queen  
  58  6:01  Overlord  
  60  6:06  Overlord  
  60  6:13  Drone  
  60  6:14  Overlord x2  
  57  6:20  Grooved Spines  
  57  6:23  Drone x3  
  57  6:24  Drone x2  
  62  6:26  Drone  
  62  6:32  Baneling Nest  
  62  6:33  Drone x2  
  64  6:46  Overlord  
  64  6:50  Overlord  
  64  6:53  Zergling x10  
  69  7:18  Centrifugal Hooks  
  69  7:19  Muscular Augments, Hydralisk x4  
  69  7:20  Hydralisk x7  
  91  7:23  Extractor  
  91  7:27  Extractor  
  91  7:28  Drone x3  
  91  7:29  Evolution Chamber  
  91  7:37  Drone x2  
  91  7:38  Drone  
  91  7:39  Drone  
  91  7:40  Drone x3  
  98  7:50  Zerg Ground Armor Level 1  
  98  7:55  Zerg Missile Weapons Level 2  
  98  7:57  Infestation Pit  
  97  8:02  Baneling  
  97  8:03  Baneling x5  
  98  8:05  Drone  
  98  8:06  Drone x2  
  98  8:07  Overlord  
  98  8:09  Extractor  
  99  8:13  Hatchery  
  98  8:28  Overlord  
  98  8:29  Drone x4  
  100  8:50  Drone x2  
  100  8:51  Drone  
  100  8:54  Hive  
  103  9:09  Spire  
  102  9:12  Extractor  
  102  9:14  Overlord  
  102  9:15  Overlord, Hydralisk  
  102  9:16  Hydralisk x6  
  112  9:27  Baneling  
  112  9:28  Baneling  
  112  9:29  Baneling x2  
  112  9:30  Hydralisk  
  114  9:32  Zergling x22  
  114  9:33  Zergling x6, Overlord x3  
  128  9:52  Spine Crawler  
  127  9:53  Drone x4  
  127  9:54  Spine Crawler  
  127  9:55  Drone x9, Spine Crawler  
  127  9:56  Drone x2  
  127  9:58  Spine Crawler  
  139  10:03  Zerg Melee Weapons Level 2  
  139  10:09  Ultralisk Cavern  
  139  10:10  Baneling x11  
  138  10:27  Extractor  
  137  10:32  Queen  
  139  10:36  Overseer  
  139  10:38  Overseer  
  139  10:40  Zerg Flyer Weapons Level 1  
  139  10:41  Corruptor x4  
  139  10:42  Corruptor  
  149  10:46  Baneling  
  149  10:47  Baneling  
  149  10:48  Zergling x18  
  149  10:49  Zergling x4  
  160  10:50  Overlord x4  
  160  10:52  Overseer x2  
  160  11:01  Chitinous Plating  
  160  11:24  Drone x2  
  160  11:25  Drone x7  
  167  11:26  Overlord x2  
  164  11:45  Corruptor x5  
  164  11:46  Corruptor x3  
  167  12:05  Hydralisk x8  
  167  12:07  Zergling x2  
  167  12:08  Zergling x12  
  161  12:10  Zergling x2  
  161  12:12  Zergling x2  
  147  12:21  Ultralisk  
  147  12:22  Zergling x12  
  159  12:33  Adrenal Glands  
  159  12:36  Zerg Melee Weapons Level 3  
  159  12:46  Baneling x4  
  159  12:47  Baneling x4  
  158  12:52  Zergling x2  
  158  12:53  Zergling x28, Hatchery  
  158  12:57  Hatchery  
  151  13:00  Zergling x4  
  151  13:04  Ultralisk  
  149  13:06  Zergling x2  
  149  13:07  Zergling x4  
  149  13:08  Zergling x2  
  149  13:10  Zergling x2  
  155  13:12  Zergling x2  
  155  13:15  Zergling x2  
  156  13:38  Zergling x6  
  156  13:39  Zergling x14  
  165  13:45  Extractor  
  133  13:59  Zergling x2  
  133  14:00  Zergling x22  
  99  14:19  Greater Spire  
  99  14:21  Baneling x8  
  99  14:24  Baneling x7  
  99  14:25  Baneling x5  
  99  14:29  Ultralisk x2  
  99  14:30  Ultralisk x3  
  99  14:31  Zergling x14  
  123  14:55  Hatchery  
  122  15:16  Hatchery  
  121  15:41  Baneling  
  121  15:42  Baneling x13  
Show
View Real Time Build Order
Export as new Build Order

Altik Protoss - Winner!

Build Orders: Chargelot Immortal 

Get SALT Encoding   

  8  0:00  Probe (Chrono Boost)  
  9  0:12  Probe (Chrono Boost)  
  10  0:19  Probe (Chrono Boost)  
  11  0:26  Probe  
  12  0:35  Pylon  
  12  0:39  Probe  
  13  0:53  Probe  
  14  0:59  Gateway  
  14  1:05  Probe  
  15  1:16  Assimilator  
  15  1:18  Probe (Chrono Boost)  
  16  1:29  Probe (Chrono Boost)  
  17  1:33  Probe (Chrono Boost)  
  18  1:44  Probe  
  19  1:56  Nexus  
  19  1:57  Probe  
  20  2:07  Cybernetics Core  
  20  2:13  Pylon  
  20  2:19  Probe  
  21  2:28  Pylon  
  21  2:33  Probe (Chrono Boost)  
  22  2:40  Assimilator  
  22  2:43  Probe (Chrono Boost), Adept  
  25  2:44  Warp Gate  
  25  2:49  Probe (Chrono Boost)  
  26  2:57  Gateway  
  26  3:02  Probe  
  27  3:15  Probe  
  27  3:16  Probe  
  27  3:18  Adept  
  31  3:29  Probe x2  
  31  3:30  Stargate  
  33  3:41  Probe  
  33  3:42  Probe  
  33  3:44  Twilight Council  
  35  3:51  Zealot (Chrono Boost)  
  35  3:54  Probe  
  38  3:57  Probe  
  39  4:06  Probe  
  39  4:07  Pylon  
  40  4:12  Probe  
  40  4:14  Void Ray (Chrono Boost)  
  45  4:18  Probe  
  46  4:24  Probe  
  46  4:30  Charge, Pylon  
  47  4:34  Pylon  
  47  4:38  Probe  
  48  4:41  Probe  
  49  4:50  Probe  
  50  4:53  Probe  
  50  4:54  Oracle (Chrono Boost)  
  54  5:02  Probe  
  55  5:13  Nexus  
  55  5:14  Pylon  
  55  5:16  Zealot x2  
  59  5:24  Probe x2  
  59  5:28  Oracle (Chrono Boost)  
  61  5:33  Forge  
  61  5:35  Gateway  
  64  5:37  Gateway  
  64  5:56  Probe x2  
  66  6:00  Zealot x2  
  70  6:16  Protoss Ground Weapons Level 1 (Chrono Boost)  
  70  6:22  Probe x2  
  70  6:24  Zealot x4  
  80  6:28  Photon Cannon x2  
  80  6:29  Pylon  
  80  6:30  Probe (Chrono Boost)  
  81  6:33  Assimilator  
  81  6:36  Probe (Chrono Boost)  
  81  6:37  Probe (Chrono Boost), Assimilator  
  83  6:41  Pylon  
  83  6:42  Probe (Chrono Boost)  
  83  6:44  Pylon  
  83  6:45  Probe (Chrono Boost)  
  83  6:46  Robotics Facility x2  
  85  6:49  Zealot x2  
  89  6:55  Probe  
  90  7:15  Probe x3  
  93  7:17  Zealot x4  
  101  7:24  Gateway x2  
  101  7:27  Probe x3  
  101  7:29  Gateway  
  104  7:30  Pylon  
  104  7:32  Pylon  
  104  7:34  Immortal  
  108  7:37  Immortal  
  112  7:46  Pylon  
  112  7:47  Probe  
  113  8:05  Zealot x3  
  117  8:06  Zealot  
  117  8:10  Nexus  
  117  8:12  Pylon  
  121  8:13  Assimilator  
  121  8:15  Immortal  
  121  8:16  Probe  
  121  8:17  Probe x2, Assimilator  
  128  8:20  Templar Archives  
  128  8:41  Protoss Ground Weapons Level 2 (Chrono Boost)  
  128  8:43  Immortal  
  128  8:46  Robotics Bay  
  132  8:49  Probe x2  
  132  8:52  Shield Battery x2  
  132  8:54  Photon Cannon, Pylon  
  134  8:58  Pylon  
  134  9:01  Pylon  
  134  9:03  Pylon, Probe  
  134  9:04  Probe x2  
  134  9:06  Photon Cannon x2  
  137  9:11  Immortal  
  140  9:28  Photon Cannon  
  140  9:31  Probe x3, Photon Cannon  
  143  9:32  Shield Battery  
  143  9:34  Shield Battery  
  143  9:35  Extended Thermal Lance  
  143  9:36  Observer  
  143  9:37  Pylon  
  143  9:38  Pylon  
  144  9:50  Immortal, High Templar x2  
  144  9:52  Zealot x4  
  160  9:54  Archon  
  157  10:23  Colossus (Chrono Boost)  
  157  10:26  Zealot x4  
  157  10:27  Zealot x3  
  177  10:31  Probe x2  
  179  10:39  Gateway x2  
  179  10:42  Gateway  
  179  10:43  Probe  
  179  10:44  Probe, Gateway  
  179  10:48  Photon Cannon  
  179  10:49  Protoss Ground Armor Level 1 (Chrono Boost), Photon Cannon  
  181  10:51  Forge  
  181  10:52  Disruptor (Chrono Boost)  
  185  11:10  Assimilator  
  185  11:12  Assimilator, Colossus (Chrono Boost)  
  185  11:14  Pylon  
  185  11:15  Pylon  
  191  11:18  Colossus  
  191  11:19  Photon Cannon  
  197  11:39  Probe x3  
  190  11:40  Probe  
  190  11:51  Probe x3  
  190  11:52  Probe  
  158  12:03  Probe  
  124  12:08  Colossus  
  124  12:11  High Templar x5  
  124  12:12  Colossus  
  124  12:13  Zealot x5  
  146  12:19  Archon  
  146  12:20  Archon  
  146  12:26  Oracle  
  146  12:28  Probe  
  146  12:29  Probe x3  
  153  12:38  Zealot x5  
  153  12:39  Zealot  
  153  12:41  Probe  
  153  12:43  Nexus  
  166  12:45  Protoss Ground Armor Level 2, Pylon  
  166  12:46  Stargate  
  166  12:50  Fleet Beacon  
  159  13:02  Observer  
  154  13:14  High Templar x2  
  154  13:16  Zealot x8  
  154  13:17  Zealot  
  154  13:19  Archon  
  176  13:37  Colossus x2  
  140  14:10  Zealot x6  
  140  14:11  Zealot x2  
  156  14:18  Photon Cannon  
  156  14:19  Photon Cannon  
  156  14:20  Photon Cannon  
  156  14:22  Gateway  
  156  14:24  Gateway  
  156  14:26  Shield Battery  
  156  14:28  Shield Battery  
  156  14:29  Immortal x2 (Chrono Boost)  
  164  14:48  Assimilator  
  164  14:50  Assimilator, High Templar x2  
  164  14:51  High Templar x7  
  166  14:52  Zealot  
  166  14:53  Zealot  
  166  14:55  Archon x3  
  166  14:56  Archon  
  166  14:58  Immortal (Chrono Boost)  
  170  15:01  Observer (Chrono Boost)  
  175  15:11  Observer (Chrono Boost)  
  176  15:24  Zealot x2  
  176  15:26  Zealot  
  176  15:27  Zealot x8  
Tags
 
Add a new tag
Caveats
  • Supply blocks, unpowered buildings, or Contaminate may cause inaccurate times.
  • Supply counts are checked every 10 seconds.